 Dungeon Crawl Stone Soup version 0.30.0-29-ga12c61a403 (webtiles) character file.

Game seed: 6680622497624538809

181 Sabo the Chopper (level 5, -4/53 HPs)
             Began as a Troll Monk on June 25, 2023.
             Slain by a gnoll
             ... wielding a +0 spear
              (5 damage)
             ... on level 3 of the Dungeon.
             The game lasted 00:09:44 (2165 turns).

Sabo the Chopper (Troll Monk)                       Turns: 2165, Time: 00:09:44

Health: -4/53      AC:  4    Str: 21    XL:     5   Next: 34%
Magic:  4/4        EV: 10    Int:  3    God:
Gold:   92         SH:  5    Dex: 12    Spells: 4/4 levels left

rFire   + + +        l - +6 long sword of Prudence {venom, +Blink rF+++ Int-3}
rCold   . . .        d - orb {light}
rNeg    . . .        b - +0 robe
rPois   .            (helmet restricted)
rElec   .            (no cloak)
rCorr   +            (gloves unavailable)
SInv    .            (boots unavailable)
Will    .....        e - amulet of reflection
Stlth   +            g - ring of resist corrosion
HPRegen 1.08/turn    (no ring)
MPRegen 0.09/turn

%: reflection
@: lethally poisoned (-4 -> -4), glowing
A: large, unfitting armour, claws 3, regeneration 1, shaggy fur 1, tough skin 1
a: Evoke Blink


You were on level 3 of the Dungeon.
You visited 1 branch of the dungeon, and saw 3 of its levels.

You collected 92 gold pieces.

Inventory:

Hand Weapons
 a - a +0 hand axe
 l - the +6 long sword of Prudence (weapon) {venom, +Blink rF+++ Int-3}
   (You found it on level 2 of the Dungeon)

   Int:       It affects your intelligence (-3).
   rF:        It renders you almost immune to fire.
   +Blink:    It lets you blink.
 n - a +0 sling
 x - a +2 heavy morningstar
Missiles
 p - a throwing net (quivered)
Armour
 b - a +0 robe (worn)
 d - an orb of light (worn)
Jewellery
 e - an amulet of reflection (around neck)
 g - a ring of resist corrosion (left claw)
Scrolls
 h - a scroll of vulnerability {unknown}
 j - a scroll of silence {unknown}
 k - a scroll of magic mapping {unknown}
 m - a scroll of brand weapon {unknown}
 q - a scroll of poison {unknown}
 r - 2 scrolls of identify {unknown}
 s - a scroll of enchant armour {unknown}
 t - 2 scrolls of fear {unknown}
 u - a scroll of enchant weapon {unknown}
 w - a scroll of teleportation {unknown}
Potions
 c - 2 potions of ambrosia
 f - 6 potions of curing {unknown}
 i - a potion of attraction {unknown}
 o - a potion of cancellation {unknown}
 v - a potion of invisibility {unknown}


   Skills:
 + Level 3.1 Fighting
 + Level 2.1 Long Blades
 + Level 3.2 Axes
 + Level 3.0 Dodging
 + Level 0.2 Stealth
 + Level 0.4 Shields


You had 4 spell levels left.
You didn't know any spells.
Your spell library was empty.

Dungeon Overview and Level Annotations

Branches:
Dungeon (3/15)

Altars:


Innate Abilities, Weirdness & Mutations

You are too large for most types of armour.
You have claws for hands.
Your natural rate of healing is unusually fast.
You are covered in fur. (AC +1)
You have tough skin. (AC +1)


Message History

You are more poisoned.
You block the gnoll's attack.
The gnoll hits you from afar with a +0 spear!
You hit the gnoll but do no damage.
The gnoll looks as sick as possible!
The gnoll is severely wounded.
You feel very sick.
The gnoll hits you with a +2 spear of venom.
You are more poisoned.
The gnoll closely misses you. The gnoll hits you but does no damage.
You slash the gnoll!
You kill the gnoll!
You feel very sick. The gnoll misses you. The gnoll closely misses you.
Your Dodging skill increases to level 3!
You feel very sick. The gnoll hits you with a +0 spear.
* * * LOW HITPOINT WARNING * * *
You block the gnoll's attack.
Things that are here:
a +2 spear of venom; a gnoll corpse You hit the gnoll.
The gnoll is poisoned.
The gnoll is lightly wounded.
You feel very sick. You block the gnoll's attack.
The gnoll hits you with a +0 spear.
* * * LOW HITPOINT WARNING * * *
The gnoll hits you with a +0 spear.
* * * LOW HITPOINT WARNING * * *
The gnoll closely misses you.
You hit the gnoll.
The gnoll looks as sick as possible!
The gnoll is severely wounded.
* * * LOW HITPOINT WARNING * * *
You feel very sick.
You kill the gnoll!
The gnoll hits you but does no damage.
You hit the gnoll.
The gnoll is poisoned.
The gnoll is lightly wounded.
* * * LOW HITPOINT WARNING * * *
You feel very sick. The gnoll hits you with a +0 spear.
You die...

########.## ### #.# ..#
#.# #.# ##'## ..#
##...## .## ##.....## ##
..###.......## #.##.##
..##.........####......#
...'.........'.)@)......
.###.........####g......
.# ##.......## .....#.
.# ##.....## .##### .#
##...## .# .# ##'## ..
.### #.# .# ...# #.# .#
.#.# ##.##


You could see a gnoll (very poisoned).

Vanquished Creatures
  An orc priest (D:3)
  An orc wizard (D:3)
  4 adders
  3 gnolls (D:3)
  2 worms (D:2)
  A dart slug (D:2)
  3 orcs (D:3)
  5 bats
  3 endoplasms
  6 goblins
  5 hobgoblins
  4 jackals
  3 kobolds
  4 quokkas
  A ball python (D:3)
  4 frilled lizards
  5 rats
55 creatures vanquished.

Notes
Turn   | Place    | Note
-------+----------+-------------------------------------------
     0 | D:1      | Sabo the Troll Monk began the quest for the Orb.
     0 | D:1      | Reached XP level 1. HP: 22/22 MP: 0/0
    83 | D:1      | Reached XP level 2. HP: 22/29 MP: 1/1
   521 | D:2      | Reached XP level 3. HP: 35/36 MP: 2/2
   559 | D:2      | Identified the +6 long sword of Prudence {venom, +Blink
                  | rF+++ Int-3}
  1038 | D:2      | Found a faded altar of an unknown god.
  1238 | D:3      | Reached XP level 4. HP: 37/44 MP: 3/3
  1795 | D:3      | Reached skill level 1 in Long Blades
  2056 | D:3      | Reached XP level 5. HP: 49/53 MP: 4/4
  2165 | D:3      | HP: 1/53 [poisoned by a gnoll]
  2165 | D:3      | Slain by a gnoll

Illustrated notes

Levels and vault maps discovered:
D:1:      lightli_arrival_boilingwater, layout_rooms
D:2:      layout_basic, shapermc_ecumenical_altar_flowoftime, minmay_between
D:3:      layout_loops_corners

Skill      XL: |  1  2  3  4  5 |
---------------+----------------+-----
Axes           | 3 |  3.2
Long Blades    | 1 2 |  2.1
Fighting       | 3 |  3.1
Dodging        | 3 |  3.0
Stealth        | |  0.2
Shields        | |  0.4

Action                     |  1- 3 |  4- 6 || total
---------------------------+-------+-------++-------
  Melee: Hand axe          |    32 |       ||    32
         Long sword        |    46 |    35 ||    81
    Use: Scroll            |     1 |       ||     1
 Armour: Robe              |    20 |    15 ||    35
  Dodge: Dodged            |    33 |    12 ||    45
  Block: Orb               |    12 |    11 ||    23
         Reflection        |     1 |       ||     1
